 Dungeon Crawl Stone Soup version 0.17-a0-1663-gb806841 (webtiles) character file.

93 HenryFlower the Poker (level 4, -5/35 HPs)
             Began as a Merfolk Berserker on Aug 16, 2015.
             Was a Believer of Trog.
             Slain by a sky beast (6 damage)
             ... on level 3 of the Dungeon.
             The game lasted 00:03:17 (2592 turns).

HenryFlower the Poker (Merfolk Berserker)           Turns: 2592, Time: 00:03:17

Health: -5/35      AC:  4    Str: 17      XL:     4   Next: 61%
Magic:  4/4        EV: 13    Int:  3 (6)  God:    Trog [**....]
Gold:   90         SH:  0    Dex: 14      Spells: 0 memorised, 3 levels left

rFire  . . .     SeeInvis .     a - +0 spear
rCold  + . .     Clarity  .     e - +0 leather armour {rC+}
rNeg   . . .     SustAt   .     (no shield)
rPois  .         Gourm    .     (no helmet)
rElec  .         Spirit   .     (no cloak)
rCorr  .         Warding  .     (no gloves)
rMut   .         Stasis   .     (no boots)
MR     .....                    (no amulet)
Stlth  +.........               (no ring)
                                l - +1 ring of protection

@: not resistant to hostile enchantments, very unstealthy
A: change form in water, swift swim
a: Burn Spellbooks, Berserk, Trog's Hand, Renounce Religion


You were on level 3 of the Dungeon.
You worshipped Trog.
Trog was pleased with you.
You were not hungry.

You visited 1 branch of the dungeon, and saw 3 of its levels.

You collected 90 gold pieces.

Inventory:

Hand weapons
 a - a +0 spear (weapon)
Armour
 b - a +0 animal skin
 e - a +0 leather armour of cold resistance (worn)
Jewellery
 l - a +1 ring of protection (left hand)
Scrolls
 d - 2 scrolls of recharging {unknown}
 h - a scroll of identify {unknown}
Potions
 f - a potion of ambrosia {unknown}
 g - a potion of cancellation
 j - a potion of brilliance {unknown}
 m - a potion of poison {unknown}
 o - a potion of magic {unknown}
Comestibles
 c - a bread ration
 k - 4 chunks of flesh
 n - a meat ration


   Skills:
 - Level 3.2 Fighting
 * Level 6.8 Polearms
 - Level 1.3 Armour
 + Level 3.9 Dodging


You had 3 spell levels left.
You didn't know any spells.

Dungeon Overview and Level Annotations

Branches:
Dungeon (3/15)

Altars:
Yredelemnul


Message History

You barely miss something. Something barely misses you.
You closely miss something. Something hits you. Something shocks you.
* * * LOW HITPOINT WARNING * * *
You closely miss something. You hit something. Something hits you.
* * * LOW HITPOINT WARNING * * *
Something shocks you.
* * * LOW HITPOINT WARNING * * *
Drink which item? (? for menu, Esc to quit)
It was a potion of cancellation.
You feel magically purged.
You feel less exhausted. Something hits you but does no damage.
Drink which item? (? for menu, Esc to quit)
It was a potion of degeneration.
There was something very wrong with that liquid.
You feel dopey. Something hits you.
* * * LOW HITPOINT WARNING * * *
Something shocks you.
You die...

########....)##.##.###
....................#
#######.)...##.##.#.#
#.....##.##
#.....##..#
#.....###.# #.....#
#.# #.....# #.#
#[....# #@# #.....#
#{# #.....# #..
####### ##.. .>. ####


There were no monsters in sight!

Vanquished Creatures
  Ijyb (D:3)
  An adder (D:2)
  A giant gecko (D:1)
  5 bats
  5 giant cockroaches
  6 hobgoblins
  6 jackals
  4 quokkas (D:2)
  A ball python (D:1)
  7 giant newts
  6 goblins
  4 kobolds
  8 rats
55 creatures vanquished.

Notes
Turn   | Place    | Note
--------------------------------------------------------------
     0 | D:1      | HenryFlower the Merfolk Berserker began the quest for the Orb.
     0 | D:1      | Reached XP level 1. HP: 18/18 MP: 1/1
   388 | D:1      | Reached skill level 5 in Polearms
   405 | D:1      | Reached XP level 2. HP: 24/24 MP: 2/2
   922 | D:1      | Acquired Trog's second power
   943 | D:1      | Reached XP level 3. HP: 27/29 MP: 3/3
  1360 | D:2      | Reached skill level 6 in Polearms
  2191 | D:2      | Found a basalt altar of Yredelemnul.
  2202 | D:2      | Reached XP level 4. HP: 27/35 MP: 4/4
  2536 | D:3      | Noticed Ijyb
  2541 | D:3      | Killed Ijyb
  2578 | D:3      | Noticed a sky beast
  2592 | D:3      | HP: 1/35 [something (4)]
  2592 | D:3      | Slain by a sky beast

Vault maps used:
D:1:      kilobyte_arrival_exit_the_forest, minmay_misc_feat_four_crosses
D:2:      overflow_temple_1_default
D:3:      first_bread, corexii_leaking_fountain, uniq_iyjb

Action                   |  1- 3 |  4- 6 || total
-------------------------+-------+-------++-------
Melee: Spear             |   190 |    29 ||   219
Invok: Berserk           |       |     1 ||     1
  Use: Potion            |       |     2 ||     2
 Stab: Sleeping          |     3 |       ||     3
  Eat: Chunk             |     4 |     2 ||     6
